AoeStats
← Milaad

Nomad

510668216Analyzed
4v4 RM · 1d ago on Oct 2, 2026· 36m 22s· 8 players
Game mode
Random Map
Map size
231×231
Population
200
Speed
Normal
Resources
Standard
Victory
Conquest
Starting age
Dark Age
Ending age
Imperial Age
RankedLock teamsTeams togetherTeam positionsShared explorationLock speedFull tech treeHidden civsTurbo modeCheats
Victory
Defeat
🇺🇸 Varangians · United States
1117
+12
🇺🇸 Turks · United States
1108
+13
🇺🇸 Vietnamese · United States
1075
+14
🇺🇸 Saracens · United States
1058
+15
🇨🇴 Bulgarians · Colombia
1073
-15
🇵🇱 Huns · Poland
1069
-15
🇨🇳 Mongols · China
991
-12
🇨🇳 Persians · China
988
-12
Viking
7:41 Loom
15:07 Feudal Age
19:15 Castle Age
17:21 Stone Mining
20:44 Fletching
SIR_RAZER_RAMON
4:21 Loom
17:45 Feudal Age
18:48 Double-Bit Axe
24:57 Castle Age
23:50 Forging
23:46 Scale Barding Armor
26:25 Bloodlines
26:37 Chain Barding Armor
32:04 Iron Casting
高老头子
3:50 Loom
14:24 Feudal Age
16:35 Double-Bit Axe
19:30 Forging
20:24 Fishing Lines
23:45 Castle Age
28:26 Wheelbarrow
33:01 Wheelbarrow
33:14 Gillnets
jyq1234567891011
18:36 Feudal Age
20:55 Double-Bit Axe
28:34 Castle Age
30:59 Kamandaran
31:11 Crossbowman
34:05 Bow Saw
Streetlamp Le Moose
4:57 Loom
14:11 Feudal Age
15:07 Double-Bit Axe
18:11 Stone Mining
18:42 Fletching
21:19 Castle Age
21:11 Wheelbarrow
20:25 Fishing Lines
22:27 Bow Saw
21:58 Horse Collar
22:11 Gillnets
25:46 Town Watch
29:39 Hand Cart
30:43 Forging
30:38 Scale Barding Armor
30:58 Heavy Plow
35:18 Bloodlines
35:08 Husbandry
37:31 Iron Casting
37:18 Chain Barding Armor
ScoobaDoobaDoo
4:06 Loom
16:47 Feudal Age
18:36 Double-Bit Axe
18:33 Horse Collar
19:08 Gold Mining
21:51 Castle Age
20:27 Wheelbarrow
21:24 Stone Mining
23:07 Fletching
23:18 Padded Archer Armor
22:43 Pikeman
28:45 Scale Mail Armor
Cthpoolu
5:17 Loom
13:39 Feudal Age
19:21 Castle Age
17:41 Double-Bit Axe
21:33 Bow Saw
25:27 Fishing Lines
29:07 Bloodlines
30:00 Forging
30:58 Scale Barding Armor
33:53 Gillnets
38:54 Imperial Age
Milaad
8:09 Loom
16:20 Feudal Age
21:00 Castle Age
19:20 Stone Mining
Connection lost

Rejoining the realm…

Still unreachable

The connection could not be restored.

Session expired

The server has moved on; the page needs a fresh start.